[Event "ICC tourney 1923 (15 5)"]
[Site "Internet Chess Club"]
[Date "2020.07.17"]
[Round "7"]
[White "royayush"]
[Black "FlowingMelody"]
[Result "1-0"]
[ICCResult "Black checkmated"]
[WhiteElo "1365"]
[BlackElo "1298"]
[Opening "Queen's gambit declined"]
[ECO "D30"]
[NIC "QP.08"]
[Time "18:03:45"]
[TimeControl "900+5"]

1. d4 d5 2. c4 e6 3. a3 Be7 4. Nc3 Nf6 5. Bg5 h6 6. Bxf6 Bxf6 7. e3 O-O 8.
g3 b6 9. Bg2 Bb7 10. Nge2 Qd7 11. O-O c6 12. Rb1 dxc4 13. e4 Rd8 14. e5 Be7
15. b3 cxb3 16. Qxb3 c5 17. Bxb7 Qxb7 18. dxc5 Bxc5 19. Na4 Qd5 20. Rfd1
Qxe5 21. Rxd8+ Kh7 22. Qf3 Qc7 23. Qxa8 Qxd8 24. Nxc5 bxc5 25. Qxb8 Qd3 26.
Qb2 e5 27. Rc1 Qd6 28. Qc2+ Kg8 29. Qxc5 Qa6 30. Qc8+ Qxc8 31. Rxc8+ Kh7 32.
Rc7 a5 33. Rxf7 Kg6 34. Ra7 a4 35. Rxa4 h5 36. Rb4 Kf5 37. a4 e4 38. a5 Ke5
39. a6 Kd6 40. a7 Kc5 41. Rb1 Kc6 42. a8=Q+ Kc5 43. Qc8+ Kd5 44. Nf4+ Ke5
45. Qe6+ Kd4 46. Rd1+ Kc3 47. Qc6+ Kb2 48. Rd8 Kb1 49. Rb8+ Ka2 50. Qa4#
{Black checkmated}
1-0

[Event "ICC tourney 1923 (15 5)"]
[Site "Internet Chess Club"]
[Date "2020.07.17"]
[Round "7"]
[White "WizardY"]
[Black "megahertz13"]
[Result "1/2-1/2"]
[ICCResult "Game drawn by repetition"]
[WhiteElo "1519"]
[BlackElo "1464"]
[Opening "Scotch gambit"]
[ECO "C44"]
[NIC "SO.06"]
[Time "18:03:40"]
[TimeControl "900+5"]

1. e4 e5 2. Nf3 Nc6 3. d4 exd4 4. Bc4 d6 5. Nxd4 Ne5 6. Bb3 a6 7. O-O c5 8.
Nf3 Bg4 9. Bf4 Nxf3+ 10. gxf3 Bh3 11. Re1 Be7 12. e5 dxe5 13. Qxd8+ Rxd8 14.
Bxe5 Nf6 15. Nc3 O-O 16. Bc7 Rd7 17. Bb6 Rc8 18. Ba4 Rd6 19. Bxc5 Rxc5 20.
Rxe7 b5 21. Bb3 Rg5+ 22. Kh1 Bg2+ 23. Kg1 Bh3+ 24. Kh1 Bg2+ 25. Kg1 Bh3+ 26.
Kh1 Bg2+ 27. Kg1 Bh3+ 28. Kh1 Bg2+ 29. Kg1 Bh3+ 30. Kh1 Bg2+ 31. Kg1 Bh3+
32. Kh1 Bg2+ 33. Kg1 Bh3+ 34. Kh1 Bg2+ 35. Kg1 Bh3+ 36. Kh1 Bg2+ 37. Kg1
Bh3+ 38. Kh1 Bg2+ 39. Kg1 Bh3+ {Game drawn by repetition} 1/2-1/2

[Event "ICC tourney 1923 (15 5)"]
[Site "Internet Chess Club"]
[Date "2020.07.17"]
[Round "7"]
[White "arjunk2011"]
[Black "nidhi204"]
[Result "0-1"]
[ICCResult "White checkmated"]
[WhiteElo "1204"]
[BlackElo "1292"]
[Opening "English opening"]
[ECO "A20"]
[NIC "EO.25"]
[Time "18:03:30"]
[TimeControl "900+5"]

1. c4 e5 2. d3 Nf6 3. e4 Bc5 4. Ne2 Nc6 5. g3 d6 6. Bg2 O-O 7. O-O Bg4 8. b3
Bd4 9. h3 Bxa1 10. hxg4 Nxg4 11. Bh3 Nf6 12. Na3 Bd4 13. Qd2 h6 14. Nc2 Nh7
15. Re1 Ng5 16. Bg2 Qf6 17. Rf1 Nf3+ 18. Bxf3 Qxf3 19. Ne1 Qg4 20. Nf3 Qxf3
21. Nxd4 Nxd4 22. Bb2 Qh5 23. Kg2 f5 24. exf5 Rxf5 25. Bxd4 Qf3+ 26. Kg1 Rh5
27. Qxh6 Qh1# {White checkmated} 0-1

[Event "ICC tourney 1923 (15 5)"]
[Site "Internet Chess Club"]
[Date "2020.07.17"]
[Round "7"]
[White "ArsenioB2012"]
[Black "aadihetamsaria"]
[Result "1-0"]
[ICCResult "Black checkmated"]
[WhiteElo "1572"]
[BlackElo "1463"]
[Opening "Queen's pawn, Mason variation, Steinitz counter-gambit"]
[ECO "D00"]
[NIC "QP.08"]
[Time "18:03:37"]
[TimeControl "900+5"]

1. d4 d5 2. Bf4 c5 3. c3 Nc6 4. e3 Nf6 5. Nf3 e6 6. Bd3 cxd4 7. exd4 Bd6 8.
Bg3 O-O 9. Ne5 Bxe5 10. dxe5 Nd7 11. f4 f6 12. exf6 Nxf6 13. O-O Qb6+ 14.
Bf2 Qxb2 15. Qb3 Qxb3 16. axb3 Ng4 17. Bc5 Rf7 18. Nd2 Bd7 19. h3 Nf6 20.
Nf3 Nh5 21. Ng5 Rxf4 22. Bxh7+ Kh8 23. Rxf4 Nxf4 24. Bc2 Ne2+ 25. Kh2 Nxc3
26. Rf1 b6 27. Bd6 Rd8 28. Nf7+ Kg8 29. Nxd8 Nxd8 30. Rf8# {Black
checkmated} 1-0

[Event "ICC tourney 1923 (15 5)"]
[Site "Internet Chess Club"]
[Date "2020.07.17"]
[Round "7"]
[White "HappyLunchBox"]
[Black "Queen2812"]
[Result "1-0"]
[ICCResult "Black checkmated"]
[WhiteElo "1150"]
[BlackElo "1291"]
[Opening "Sicilian: closed"]
[ECO "B23"]
[NIC "SI.44"]
[Time "18:03:28"]
[TimeControl "900+5"]

1. e4 c5 2. Nc3 g6 3. g3 Bg7 4. Bg2 e6 5. Nge2 Ne7 6. d3 Nbc6 7. O-O O-O 8.
f4 a6 9. a4 d5 10. e5 Nf5 11. g4 Nfd4 12. Nxd4 Nxd4 13. Ne2 Nxe2+ 14. Qxe2
Bd7 15. Be3 Rc8 16. c4 dxc4 17. dxc4 b6 18. Rfd1 Qe8 19. Rd6 Bc6 20. a5 Bxg2
21. Kxg2 b5 22. Rxa6 b4 23. Rd6 Qe7 24. Qf2 Qb7+ 25. Qf3 Qxf3+ 26. Kxf3 Ra8
27. a6 Rfc8 28. Rb6 Bf8 29. Rd1 Rcb8 30. Rxb8 Rxb8 31. a7 Ra8 32. Rd7 Kg7
33. Rc7 h5 34. gxh5 gxh5 35. Bxc5 Bxc5 36. Rxc5 Rxa7 37. Rb5 Ra4 38. b3 Ra2
39. Kg3 h4+ 40. Kxh4 Rxh2+ 41. Kg3 Rb2 42. Rxb4 Kg6 43. c5 Rc2 44. Rc4 Rb2
45. b4 Rb3+ 46. Kg4 f5+ 47. Kh4 Rb1 48. c6 Rh1+ 49. Kg3 Rg1+ 50. Kf2 Ra1 51.
c7 Ra2+ 52. Ke3 Ra3+ 53. Kd2 Ra2+ 54. Rc2 Ra8 55. c8=Q Rxc8 56. Rxc8 Kf7 57.
b5 Ke7 58. b6 Kd7 59. b7 Ke7 60. b8=Q Kf7 61. Qc7+ Kg6 62. Rg8+ Kh5 63. Qh7#
{Black checkmated}
1-0

[Event "ICC tourney 1923 (15 5)"]
[Site "Internet Chess Club"]
[Date "2020.07.17"]
[Round "7"]
[White "agrimjax1"]
[Black "Yeetamus123"]
[Result "1-0"]
[ICCResult "Black resigns"]
[WhiteElo "1468"]
[BlackElo "1378"]
[Opening "Giuoco Pianissimo: Italian four knights variation"]
[ECO "C50"]
[NIC "IG.02"]
[Time "18:04:20"]
[TimeControl "900+5"]

1. e4 e5 2. Nf3 Nc6 3. Bc4 Bc5 4. d3 Nf6 5. Nc3 h6 6. O-O d6 7. h3 O-O 8.
Be3 Nd4 9. Bxd4 exd4 10. Na4 c6 11. Nxc5 dxc5 12. Re1 a5 13. a4 Bd7 14. Rb1
b5 15. Bb3 Be6 16. Bxe6 fxe6 17. c3 Qe8 18. cxd4 cxd4 19. Nxd4 Rd8 20. Nf3
Qg6 21. Ne5 Qe8 22. Qc2 Rc8 23. Rbc1 c5 24. axb5 Qxb5 25. b3 Qe8 26. Qc3 a4
27. bxa4 Qxa4 28. Ra1 Qe8 29. Ra5 Qe7 30. Ng6 Qf7 31. Nxf8 Qxf8 32. Qc4 Qe7
33. Ra7 Qd6 34. e5 {Black resigns} 1-0

[Event "ICC tourney 1923 (15 5)"]
[Site "Internet Chess Club"]
[Date "2020.07.17"]
[Round "7"]
[White "NK2007"]
[Black "wulovechess"]
[Result "1-0"]
[ICCResult "Black resigns"]
[WhiteElo "1216"]
[BlackElo "1489"]
[Opening "Ruy Lopez: Möller defense"]
[ECO "C78"]
[NIC "RL.12"]
[Time "18:04:20"]
[TimeControl "900+5"]

1. e4 e5 2. Nf3 Nc6 3. Bb5 a6 4. Ba4 Nf6 5. O-O Bc5 6. c3 b5 7. Bb3 Bb6 8.
a4 Bb7 9. d3 O-O 10. axb5 axb5 11. Rxa8 Qxa8 12. Na3 Ba6 13. Bg5 Qd8 14. Nc2
h6 15. Bh4 d6 16. Ne3 Bxe3 17. fxe3 Na5 18. Bd5 c6 19. Ba2 Nb7 20. Nxe5 dxe5
21. Bxf6 gxf6 22. Qh5 Kg7 23. Rf3 Qd7 24. Rg3+ Kh7 25. Rh3 Qxh3 26. Qxh3 Nc5
27. Qf5+ Kg7 28. Qg4+ Kh7 29. Qf3 Kg7 30. d4 Ne6 31. dxe5 fxe5 32. Qg3+ Kh8
33. Qxe5+ Kh7 34. Bxe6 fxe6 35. Qxe6 {Black resigns} 1-0

[Event "ICC tourney 1923 (15 5)"]
[Site "Internet Chess Club"]
[Date "2020.07.17"]
[Round "7"]
[White "serenacool"]
[Black "AJRChess2011"]
[Result "1-0"]
[ICCResult "Black checkmated"]
[WhiteElo "1523"]
[BlackElo "1485"]
[Opening "Sicilian: accelerated fianchetto, modern variation with Bc4"]
[ECO "B35"]
[NIC "SI.33"]
[Time "18:03:32"]
[TimeControl "900+5"]

1. e4 c5 2. Nf3 Nc6 3. d4 cxd4 4. Nxd4 g6 5. Nc3 Bg7 6. Be3 Nf6 7. Bc4 O-O
8. Qd2 Ng4 9. Nf3 Nxe3 10. fxe3 Qb6 11. O-O-O Bh6 12. Nd5 Qc5 13. Bd3 Kg7
14. c4 e6 15. Qc3+ f6 16. Nf4 Qxe3+ 17. Kb1 Qxf4 18. Rhf1 Qc7 19. g4 Ne5 20.
Nxe5 Qxe5 21. Qb4 Qxh2 22. Rh1 Qf4 23. Rdf1 Qxg4 24. Rxh6 b6 25. Rfh1 Qg1+
26. Rxg1 Rf7 27. Rgh1 Kg8 28. e5 f5 29. Qd2 f4 30. Bxg6 hxg6 31. Rh8+ Kg7
32. R1h7# {Black checkmated} 1-0

[Event "ICC tourney 1923 (15 5)"]
[Site "Internet Chess Club"]
[Date "2020.07.17"]
[Round "7"]
[White "Kamatchimuthu"]
[Black "amdink"]
[Result "1-0"]
[ICCResult "Black checkmated"]
[WhiteElo "1486"]
[BlackElo "1528"]
[Opening "Grünfeld with e3 & Bd3"]
[ECO "D94"]
[NIC "GI.09"]
[Time "18:04:20"]
[TimeControl "900+5"]

1. d4 Nf6 2. c4 g6 3. Nf3 Bg7 4. Nc3 d5 5. e3 O-O 6. Bd3 dxc4 7. Bxc4 Bf5 8.
O-O Nc6 9. Re1 Bg4 10. e4 Bxf3 11. Qxf3 Nxd4 12. Qd1 e5 13. Be3 c5 14. Bxd4
cxd4 15. Nd5 Nxd5 16. Bxd5 Rb8 17. Qb3 b6 18. Rac1 Rc8 19. Rcd1 Qf6 20. Rd3
Qf4 21. h3 Rc1 22. Rxc1 Qxc1+ 23. Rd1 Qf4 24. Rd3 Rc8 25. g3 Rc1+ 26. Kg2
Qf6 27. Rf3 Qd8 28. Rxf7 Kh8 29. Rxa7 Qd6 30. Qf3 h5 31. Qf7 Qf8 32. Qxg6
Rc2 33. Qxh5+ Bh6 34. Qxe5+ Bg7 35. Qh5+ Bh6 36. Rf7 Rxf2+ 37. Kxf2 Qxf7+
38. Qxf7 Be3+ 39. Kf3 Bh6 40. Qg8# {Black checkmated} 1-0

[Event "ICC tourney 1923 (15 5)"]
[Site "Internet Chess Club"]
[Date "2020.07.17"]
[Round "7"]
[White "gambit02"]
[Black "AaditK"]
[Result "0-1"]
[ICCResult "White checkmated"]
[WhiteElo "1123"]
[BlackElo "1117"]
[Opening "QGD: 4.Nf3"]
[ECO "D37"]
[NIC "QP.08"]
[Time "18:03:28"]
[TimeControl "900+5"]

1. d4 d5 2. Nf3 Nf6 3. c4 e6 4. Nc3 Nbd7 5. Bf4 c6 6. e3 Qa5 7. Bd3 Bb4 8.
Qc2 Bxc3+ 9. bxc3 b6 10. O-O Ba6 11. cxd5 Bxd3 12. Qxd3 cxd5 13. Rfc1 O-O
14. Re1 Rfc8 15. Rec1 Ne4 16. c4 Qa6 17. Rc2 Rxc4 18. Rb2 Rc1+ 19. Rxc1 Qxd3
20. Ne1 Qa6 21. Nf3 Rc8 22. Rd1 Qb7 23. Re1 Qc6 24. h3 Ndf6 25. Rd1 a5 26.
Rdb1 Nd7 27. Kf1 Qc4+ 28. Kg1 Qc6 29. Kf1 f6 30. Kg1 g5 31. Bh2 Re8 32. Kf1
e5 33. Kg1 h5 34. Kf1 g4 35. Ng1 gxh3 36. Nxh3 Re7 37. Kg1 Rg7 38. Kf1 Rg6
39. Kg1 a4 40. Kf1 Qd6 41. Kg1 a3 42. Rc2 Kf7 43. Rbc1 Qe6 44. Rc7 Qxh3 45.
Bg3 Qe6 46. R1c6 Qf5 47. Rxb6 Rg5 48. Rbb7 Ke6 49. Rxd7 Nxg3 50. fxg3 Rxg3
51. Re7+ Kd6 52. dxe5+ fxe5 53. Re8 Qg4 54. Rd8+ Kc6 55. Rf7 Rxg2+ 56. Kf1
Qe2# {White checkmated} 0-1

[Event "ICC tourney 1923 (15 5)"]
[Site "Internet Chess Club"]
[Date "2020.07.17"]
[Round "7"]
[White "funstyle"]
[Black "cheesehead146"]
[Result "1-0"]
[ICCResult "Black checkmated"]
[WhiteElo "1354"]
[BlackElo "1244"]
[Opening "Vienna game"]
[ECO "C27"]
[NIC "VG.02"]
[Time "18:20:31"]
[TimeControl "900+5"]

1. e4 e5 2. Bc4 Nf6 3. Nc3 Nxe4 4. Nxe4 d5 5. Bxd5 Qxd5 6. Qf3 Nc6 7. Nf6+
gxf6 8. Qxd5 Be6 9. Qf3 Bg7 10. Ne2 Rg8 11. d3 O-O-O 12. Be3 Kb8 13. Nc3 f5
14. Bc5 Nd4 15. Bxd4 Rxd4 16. Qe3 Rd6 17. Nb5 Rb6 18. Qc5 Rc8 19. a4 a6 20.
Nc3 Rxb2 21. Rb1 Rxc2 22. Qb4 b6 23. a5 b5 24. Nxb5 c6 25. Nd6+ Kc7 26. Nxc8
Bxc8 27. Qb8+ Kd7 28. O-O Rd2 29. h3 Rxd3 30. Rfd1 e4 31. Rxd3+ exd3 32. Rd1
c5 33. Rxd3+ Bd4 34. Qa7+ Ke8 35. Rxd4 cxd4 36. Qxd4 Bd7 37. Qb6 Bc8 38. f4
Kd7 39. Qh6 Ke7 40. Qxh7 Ke8 41. Qh8+ Kd7 42. h4 Bb7 43. h5 Kc6 44. h6 Kb5
45. Qa1 Bc6 46. Qb2+ Kxa5 47. h7 f6 48. h8=Q Ka4 49. Qd8 a5 50. Qdd4#
{Black checkmated}
1-0

[Event "ICC tourney 1923 (15 5)"]
[Site "Internet Chess Club"]
[Date "2020.07.17"]
[Round "7"]
[White "rjaichand"]
[Black "iamlifamily"]
[Result "0-1"]
[ICCResult "White checkmated"]
[WhiteElo "1312"]
[BlackElo "1361"]
[Opening "Giuoco Piano"]
[ECO "C54"]
[NIC "IG.02"]
[Time "18:03:45"]
[TimeControl "900+5"]

1. e4 e5 2. Nf3 Nc6 3. Bc4 Bc5 4. c3 Nf6 5. d4 exd4 6. cxd4 Bb4+ 7. Bd2 Nxe4
8. Bxb4 Nxb4 9. Bxf7+ Kxf7 10. Qb3+ d5 11. Qxb4 Qe7 12. Qxe7+ Kxe7 13. O-O
Bg4 14. Re1 Rhf8 15. Nc3 Bf5 16. h3 Kd7 17. Nxd5 Nd6 18. Ne5+ Kd8 19. g4 Be6
20. Nc3 Rf6 21. g5 Rf5 22. d5 Rxg5+ 23. Kh2 Bd7 24. f4 Rh5 25. Nxd7 Kxd7 26.
Rg1 g6 27. Raf1 Re8 28. Rg5 Rh4 29. Rg4 Rh5 30. h4 Nf5 31. Kh3 Re3+ 32. Kh2
Nxh4 33. Kg1 Nf5 34. Kf2 Rh2+ 35. Rg2 Rxg2+ 36. Kxg2 Rg3+ 37. Kf2 Rg4 38.
Ke1 Ne3 39. Rf2 Nf5 40. Ne4 Ke7 41. Re2 Kf8 42. Nf6 Rxf4 43. Nxh7+ Kg7 44.
Ng5 Kf6 45. Ne6 Rc4 46. Kd2 Nd4 47. Nxd4 Rxd4+ 48. Kc3 Rxd5 49. Rf2+ Rf5 50.
Rd2 Ke6 51. Re2+ Re5 52. Rg2 g5 53. Rh2 g4 54. Rh6+ Kd7 55. Rg6 Re3+ 56. Kd4
Rg3 57. Ke4 Rg2 58. Kf4 Rxb2 59. Rxg4 Rb4+ 60. Kf3 Rxg4 61. Kxg4 Kd6 62. Kf3
Kc5 63. Ke4 Kb4 64. Kd5 c5 65. Kd6 c4 66. Kd5 c3 67. Kd6 c2 68. Kc7 c1=Q+
69. Kxb7 Qa3 70. Kc7 Qxa2 71. Kd7 Qc2 72. Ke7 a6 73. Ke6 a5 74. Kf6 a4 75.
Ke6 a3 76. Kf6 a2 77. Ke6 a1=Q 78. Kd6 Qad1+ 79. Ke6 Qce2+ 80. Kf6 Qdf1+ 81.
Kg6 Qeg2+ 82. Kh6 Qfh1# {White checkmated} 0-1

[Event "ICC tourney 1923 (15 5)"]
[Site "Internet Chess Club"]
[Date "2020.07.17"]
[Round "7"]
[White "chessisfunsp"]
[Black "NimaiG"]
[Result "1/2-1/2"]
[ICCResult "Game drawn by mutual agreement"]
[WhiteElo "1673"]
[BlackElo "1606"]
[Opening "KGA: Kieseritsky, Kolisch defense"]
[ECO "C39"]
[NIC "KG.01"]
[Time "18:03:36"]
[TimeControl "900+5"]

1. e4 e5 2. f4 exf4 3. Nf3 g5 4. h4 g4 5. Ne5 d6 6. Nxg4 Be7 7. d4 Bxh4+ 8.
Nf2 Qg5 9. Qf3 Nc6 10. d5 Ne5 11. Qxf4 Bxf2+ 12. Kxf2 Qg6 13. Nc3 Bd7 14.
Kg1 h5 15. Be3 Nf6 16. Bd4 O-O-O 17. Bxe5 dxe5 18. Qxe5 h4 19. Qd4 Kb8 20.
e5 h3 21. exf6 hxg2 22. Bxg2 Rdg8 23. Qe4 Rxh1+ 24. Kxh1 Bf5 25. Qe2 Qh6+
26. Kg1 Bh3 27. Re1 a6 28. Qe8+ Rxe8 29. Rxe8+ Ka7 30. Bxh3 Qxh3 31. Re2
Qg4+ 32. Kf2 Qf5+ 33. Ke3 Qxf6 34. Kd3 Qg6+ 35. Ne4 Qb6 36. b3 Qg6 37. c4 f5
38. Nd2 f4+ 39. Ne4 b5 40. Rh2 bxc4+ 41. bxc4 Qb6 42. Re2 Qb1+ 43. Kd4 Qa1+
44. Kd3 Qf1 45. Nd2 Qa1 46. Ne4 Qb1+ 47. Kd4 Qd1+ 48. Rd2 Qa1+ 49. Kd3 Qf1+
50. Kd4 Qa1+ 51. Kd3 a5 52. Rf2 Qd1+ 53. Nd2 Qc1 54. Ke2 Qb2 55. Rxf4 Qxa2
56. Rf7 Kb6 57. Rf6+ Kb7 58. Rf8 a4 59. Rf7 Qb2 60. Kd1 a3 61. Rf3 Qa1+ 62.
Kc2 Qa2+ 63. Kc1 Qb2+ 64. Kd1 Qa1+ 65. Kc2 Kc8 66. Rb3 Qa2+ 67. Kc3 Qa1+ 68.
Kc2 Kd8 69. c5 Kd7 70. c6+ Ke7 71. Nc4 a2 72. d6+ cxd6 73. Rb7+ Ke6 74. c7
Qh8 75. Ra7 Qh7+ 76. Kd2 Qh6+ 77. Kc2 Qg6+ 78. Kc3 Qg7+ 79. Kb4 Qxc7 80.
Rxc7 a1=Q 81. Rc6 Qb1+ 82. Ka4 Kd5 83. Rc8 Qa2+ 84. Kb4 Qb1+ 85. Ka4 Qd3 86.
Kb4 Ke4 87. Na5 Qd2+ 88. Kb5 Qb2+ 89. Ka4 d5 90. Nb3 Ke3 91. Re8+ Kd3 92.
Rc8 Qe5 93. Nc5+ Kd4 94. Kb5 Qe2+ 95. Ka5 Qd2+ 96. Kb5 Qb2+ 97. Ka6 Qa2+ 98.
Kb6 Qb2+ 99. Ka6 Qa2+ 100. Kb6 Qb2+ 101. Ka6 Qa2+ 102. Kb6 Qb2+ 103. Ka6
Qa2+ 104. Kb7 Qb2+ 105. Kc6 Qc3 {Game drawn by mutual agreement} 1/2-1/2